XFBL
SAN DIEGO PADRES @ HOUSTON ASTROS
06/21/1982
 
TOP OF THE 1ST
San Diego Padres batting - Pitching for Houston Astros : RHP Kevin Carr
Pitching: RHP Kevin Carr
Batting: RHB Bob Dernier 0-0: Ball
1-0: Ball
2-0: Ball
3-0: Base on Balls
Batting: LHB Jerry McDonald 0-0: Ball
1-0: Called Strike
Bob Dernier steals 2nd base
1-1: Called Strike
1-2: Foul Ball, location: 2F
1-2: Foul Ball, location: 2F
1-2: Strikes out swinging
Batting: LHB Tom Dunbar 0-0: Ball
1-0: Ball
Bob Dernier steals 3rd base
2-0: Foul Ball, location: 2F
2-1: Ball
3-1: Called Strike
3-2: Ground out 4-3 (Groundball, 4M, EV 86.3 MPH)
Bob Dernier scores
Batting: RHB Dennis Dungy 0-0: Called Strike
0-1: Hit by Pitch
Batting: LHB Darrell Porter 0-0: Called Strike
0-1: Ball
1-1: Ball
2-1: Ball
Wild Pitch!
Dennis Dungy to second
3-1: Base on Balls
Batting: RHB Dave Edler 0-0: Fly out, F6 (Popup, 6MS, EV 78.1 MPH)
Top of the 1st over - 1 run, 0 hits, 0 errors, 2 left on base; San Diego 1 - Houston 0
BOTTOM OF THE 1ST
Houston Astros batting - Pitching for San Diego Padres : LHP Danny Arizola
Pitching: LHP Danny Arizola
Batting: RHB Julio Franco 0-0: Ball
1-0: Ball
2-0: Ball
3-0: Called Strike
3-1: Ground out 5-3 (Groundball, 56, EV 87.5 MPH)
Batting: RHB John Castino 0-0: Ball
1-0: Ground out 4-3 (Groundball, 4, EV 82.5 MPH)
Batting: LHB Steve Kemp 0-0: Ball
1-0: Ball
2-0: Fly out, F4 (Popup, 3DF, EV 60.6 MPH)
Bottom of the 1st over - 0 runs, 0 hits, 0 errors, 0 left on base; San Diego 1 - Houston 0
TOP OF THE 2ND
San Diego Padres batting - Pitching for Houston Astros : RHP Kevin Carr
Batting: RHB Mike Calise 0-0: Called Strike
0-1: Ball
1-1: Ground out 6-3 (Groundball, 6, EV 88.8 MPH)
Batting: LHB Jeffrey Zitek 0-0: SINGLE (Line Drive, 9S, EV 100.0 MPH)
Batting: LHB Danny Arizola 0-0: Ball
1-0: Bunt missed!
1-1: Sac Bunt to 13S - play at first, batter OUT! 1-4
Jeffrey Zitek to second
Batting: RHB Bob Dernier 0-0: Called Strike
0-1: Ball
1-1: Ball
2-1: Ball
3-1: Swinging Strike
3-2: Strikes out swinging
Top of the 2nd over - 0 runs, 1 hit, 0 errors, 1 left on base; San Diego 1 - Houston 0
BOTTOM OF THE 2ND
Houston Astros batting - Pitching for San Diego Padres : LHP Danny Arizola
Batting: RHB Zail Smith 0-0: Ball
1-0: Ball
2-0: Ball
3-0: Called Strike
3-1: Foul Ball, location: 2F
3-2: Base on Balls
Batting: LHB Jose Cruz 0-0: Ball
1-0: Ball
2-0: Ball
3-0: Base on Balls
Zail Smith to second
Batting: SHB Christopher Clark 0-0: Ball
1-0: Swinging Strike
1-1: Called Strike
1-2: Foul Ball, location: 2F
1-2: Strikes out swinging
Batting: RHB Dave Valle 0-0: Ball
1-0: Fly out, F7 (Flyball, 7, EV 98.1 MPH)
Batting: SHB Bill D Doran 0-0: Ball
1-0: Ball
2-0: Swinging Strike
2-1: Foul Ball, location: 2F
2-2: Foul Ball, location: 2F
2-2: Foul Ball, location: 2F
2-2: Foul Ball, location: 2F
2-2: Ball
3-2: Foul Ball, location: 2F
3-2: Base on Balls
Zail Smith to third
Jose Cruz to second
Batting: RHB Kevin Carr 0-0: Ball
1-0: Ball
2-0: Called Strike
2-1: Swinging Strike
2-2: Foul Ball, location: 2F
2-2: Foul Ball, location: 2F
2-2: Strikes out swinging
Bottom of the 2nd over - 0 runs, 0 hits, 0 errors, 3 left on base; San Diego 1 - Houston 0
TOP OF THE 3RD
San Diego Padres batting - Pitching for Houston Astros : RHP Kevin Carr
Batting: LHB Jerry McDonald 0-0: Called Strike
0-1: Foul Ball, location: 2F
0-2: Strikes out swinging
Batting: LHB Tom Dunbar 0-0: Ball
1-0: Ball
2-0: Called Strike
2-1: Foul Ball, location: 2F
2-2: Ground out 4-3 (Groundball, 4, EV 105.0 MPH)
Batting: RHB Dennis Dungy 0-0: Ball
1-0: Swinging Strike
1-1: Ball
2-1: Called Strike
2-2: SINGLE (Line Drive, 78S, EV 86.9 MPH)
Batting: LHB Darrell Porter 0-0: Ball
1-0: Ball
2-0: Called Strike
2-1: Fly out, F7 (Flyball, 78XD, EV 101.3 MPH)
Top of the 3rd over - 0 runs, 1 hit, 0 errors, 1 left on base; San Diego 1 - Houston 0
BOTTOM OF THE 3RD
Houston Astros batting - Pitching for San Diego Padres : LHP Danny Arizola
Batting: RHB Julio Franco 0-0: Called Strike
0-1: Foul Ball, location: 2F
0-2: Fly out, F8 (Line Drive, 8LD, EV 93.1 MPH)
Batting: RHB John Castino 0-0: Ball
1-0: Foul Ball, location: 2F
1-1: Foul Ball, location: 2F
1-2: Ball
2-2: Strikes out swinging
Batting: LHB Steve Kemp 0-0: Ball
1-0: Swinging Strike
1-1: Ball
2-1: Ball
3-1: Swinging Strike
3-2: Base on Balls
Batting: RHB Zail Smith 0-0: Ball
1-0: Ball
2-0: Called Strike
2-1: Ball
3-1: Base on Balls
Steve Kemp to second
Batting: LHB Jose Cruz 0-0: Foul Ball, location: 2F
0-1: Ball
1-1: Ball
2-1: Called Strike
2-2: Ground out 3-1 (Groundball, 34, EV 84.4 MPH)
Bottom of the 3rd over - 0 runs, 0 hits, 0 errors, 2 left on base; San Diego 1 - Houston 0
TOP OF THE 4TH
San Diego Padres batting - Pitching for Houston Astros : RHP Kevin Carr
Batting: RHB Dave Edler 0-0: Ball
1-0: Foul Ball, location: 2F
1-1: Ball
2-1: Swinging Strike
2-2: Strikes out looking
Batting: RHB Mike Calise 0-0: Ball
1-0: Foul Ball, location: 2F
1-1: Ball
2-1: Foul Ball, location: 2F
2-2: Fly out, F4 (Popup, 34S, EV 71.3 MPH)
Batting: LHB Jeffrey Zitek 0-0: Called Strike
0-1: Called Strike
0-2: Strikes out swinging
Top of the 4th over - 0 runs, 0 hits, 0 errors, 0 left on base; San Diego 1 - Houston 0
BOTTOM OF THE 4TH
Houston Astros batting - Pitching for San Diego Padres : LHP Danny Arizola
Batting: SHB Christopher Clark 0-0: Called Strike
0-1: Called Strike
0-2: Ball
1-2: Ball
2-2: Ball
3-2: Foul Ball, location: 2F
3-2: Foul Ball, location: 2F
3-2: SINGLE (Flyball, 9S, EV 88.1 MPH)
Batting: RHB Dave Valle 0-0: SINGLE (Groundball, 34D, EV 108.8 MPH)
Christopher Clark to second
Runner from 2nd tries for 3rd, SAFE, throw by RF made to third
Batting: SHB Bill D Doran 0-0: Ball
1-0: Fly out, F4 (Flyball, 34D, EV 94.4 MPH)
Batting: RHB Kevin Carr 0-0: Foul Ball, location: 2F
0-1: Ball
1-1: Ball
2-1: Called Strike
2-2: SINGLE (Groundball, 34D, EV 103.8 MPH)
Christopher Clark scores
Dave Valle to second
Runner from 2nd tries for 3rd, OUT! 9-5
Batting: RHB Julio Franco 0-0: Foul Ball, location: 2F
0-1: Ball
1-1: Fly out, F7 (Line Drive, 7, EV 101.9 MPH)
Bottom of the 4th over - 1 run, 3 hits, 0 errors, 1 left on base; San Diego 1 - Houston 1
TOP OF THE 5TH
San Diego Padres batting - Pitching for Houston Astros : RHP Kevin Carr
Batting: LHB Danny Arizola 0-0: Called Strike
0-1: Called Strike
0-2: Strikes out swinging
Batting: RHB Bob Dernier 0-0: Ball
1-0: Ball
2-0: Called Strike
2-1: SOLO HOME RUN (Flyball, 78XD, EV 101.9 MPH), Distance : 439 ft
Batting: LHB Jerry McDonald 0-0: Ball
1-0: Called Strike
1-1: Foul Ball, location: 2F
1-2: Ground out 4-3 (Groundball, 4, EV 78.8 MPH)
Batting: LHB Tom Dunbar 0-0: Foul Ball, location: 2F
0-1: Ball
1-1: Ground out 4-3 (Groundball, 4, EV 91.9 MPH)
Top of the 5th over - 1 run, 1 hit, 0 errors, 0 left on base; San Diego 2 - Houston 1
BOTTOM OF THE 5TH
Houston Astros batting - Pitching for San Diego Padres : LHP Danny Arizola
Batting: RHB John Castino 0-0: Ball
1-0: Swinging Strike
1-1: Ground out 5-3 (Groundball, 56S, EV 84.4 MPH)
Batting: LHB Steve Kemp 0-0: Ball
1-0: Foul Ball, location: 2F
1-1: Fly out, F9 (Line Drive, 9D, EV 108.1 MPH)
Batting: RHB Zail Smith 0-0: Ball
1-0: Foul Ball, location: 2F
1-1: Ball
2-1: Ground out 4-3 (Groundball, 4, EV 80.6 MPH)
Bottom of the 5th over - 0 runs, 0 hits, 0 errors, 0 left on base; San Diego 2 - Houston 1
TOP OF THE 6TH
San Diego Padres batting - Pitching for Houston Astros : RHP Kevin Carr
Batting: RHB Dennis Dungy 0-0: Called Strike
0-1: Swinging Strike
0-2: Ball
1-2: Ground out 4-3 (Groundball, 34, EV 79.4 MPH)
Batting: LHB Darrell Porter 0-0: Ball
1-0: Foul Ball, location: 2F
1-1: Fly out, F8 (Flyball, 8LM, EV 86.9 MPH)
Batting: RHB Dave Edler 0-0: Ball
1-0: Ball
2-0: Fly out, F7 (Flyball, 7, EV 74.4 MPH)
Top of the 6th over - 0 runs, 0 hits, 0 errors, 0 left on base; San Diego 2 - Houston 1
BOTTOM OF THE 6TH
Houston Astros batting - Pitching for San Diego Padres : LHP Danny Arizola
Batting: LHB Jose Cruz 0-0: Ball
1-0: Ball
2-0: Called Strike
2-1: Ball
3-1: Ground out 6-3 (Groundball, 6M, EV 90.6 MPH)
Batting: SHB Christopher Clark 0-0: Ball
1-0: Swinging Strike
1-1: Fly out, F7 (Flyball, 78D, EV 90.0 MPH)
Batting: RHB Dave Valle 0-0: Called Strike
0-1: Ball
1-1: Foul Ball, location: 2F
1-2: Ball
2-2: Ball
3-2: Strikes out looking
Bottom of the 6th over - 0 runs, 0 hits, 0 errors, 0 left on base; San Diego 2 - Houston 1
TOP OF THE 7TH
San Diego Padres batting - Pitching for Houston Astros : RHP Kevin Carr
Batting: RHB Mike Calise 0-0: Called Strike
0-1: Foul Ball, location: 2F
0-2: Ball
1-2: Foul Ball, location: 2F
1-2: Strikes out swinging
Batting: LHB Jeffrey Zitek 0-0: Foul Ball, location: 2F
0-1: Swinging Strike
0-2: Ball
1-2: Foul Ball, location: 2F
1-2: Ball
2-2: Strikes out swinging
Batting: LHB Danny Arizola 0-0: Foul Ball, location: 2F
0-1: Ball
1-1: Swinging Strike
1-2: SINGLE (Line Drive, 89M, EV 113.1 MPH)
Batting: RHB Bob Dernier 0-0: Ball
1-0: Called Strike
1-1: Called Strike
1-2: Strikes out looking
Top of the 7th over - 0 runs, 1 hit, 0 errors, 1 left on base; San Diego 2 - Houston 1
BOTTOM OF THE 7TH
Houston Astros batting - Pitching for San Diego Padres : LHP Danny Arizola
Batting: SHB Bill D Doran 0-0: Foul Ball, location: 2F
0-1: Ball
1-1: Swinging Strike
1-2: Foul Ball, location: 2F
1-2: Ball
2-2: Ground out 6-3 (Groundball, 56, EV 84.4 MPH)
Batting: RHB Kevin Carr 0-0: Ground out 5-3 (Groundball, 56, EV 80.6 MPH)
Batting: RHB Julio Franco 0-0: Ball
1-0: Called Strike
1-1: SINGLE (Groundball, 6M, EV 97.5 MPH) (infield hit)
Batting: RHB John Castino 0-0: Ball
1-0: Ball
2-0: Foul Ball, location: 2F
2-1: Foul Ball, location: 2F
2-2: Ball
3-2: Fly out, F3 (Line Drive, 3, EV 67.5 MPH)
Bottom of the 7th over - 0 runs, 1 hit, 0 errors, 1 left on base; San Diego 2 - Houston 1
TOP OF THE 8TH
San Diego Padres batting - Pitching for Houston Astros : RHP Kevin Carr
Batting: LHB Jerry McDonald 0-0: Fly out, F9 (Flyball, 9, EV 88.8 MPH)
Batting: LHB Tom Dunbar 0-0: Called Strike
0-1: Fly out, F6 (Popup, 6MD, EV 53.8 MPH)
Batting: RHB Dennis Dungy 0-0: Called Strike
0-1: Ball
1-1: Ball
2-1: Foul Ball, location: 2F
2-2: Ball
3-2: SINGLE (Flyball, 89S, EV 91.3 MPH)
Batting: LHB Darrell Porter 0-0: Ball
1-0: Ball
2-0: Hit by Pitch
Dennis Dungy to second
Batting: RHB Dave Edler 0-0: Ball
1-0: Called Strike
1-1: Foul Ball, location: 2F
1-2: Foul Ball, location: 2F
1-2: Foul Ball, location: 2F
1-2: Ball
2-2: Foul Ball, location: 2F
2-2: Ball
3-2: TRIPLE (Line Drive, 89XD, EV 98.8 MPH)
Dennis Dungy scores
Darrell Porter scores
Batting: RHB Mike Calise 0-0: Ball
1-0: Fly out, F8 (Line Drive, 8RD, EV 95.6 MPH)
Top of the 8th over - 2 runs, 2 hits, 0 errors, 1 left on base; San Diego 4 - Houston 1
BOTTOM OF THE 8TH
Houston Astros batting - Pitching for San Diego Padres : LHP Danny Arizola
Batting: LHB Steve Kemp 0-0: Called Strike
0-1: Ball
1-1: Ground out U3 (Groundball, 3, EV 77.5 MPH)
Batting: RHB Zail Smith 0-0: SINGLE (Line Drive, 8RS, EV 95.6 MPH)
Batting: LHB Jose Cruz 0-0: Ball
1-0: Grounds into double play, 4-6-3 (Groundball, 4, EV 88.8 MPH)
Bottom of the 8th over - 0 runs, 1 hit, 0 errors, 0 left on base; San Diego 4 - Houston 1
TOP OF THE 9TH
San Diego Padres batting - Pitching for Houston Astros : RHP Kevin Carr
Batting: LHB Jeffrey Zitek 0-0: Ball
1-0: Ground out 4-3 (Groundball, 4, EV 85.0 MPH)
Pinch Hitting: LHB Chris Chambliss 0-0: SOLO HOME RUN (Flyball, 89XD, EV 93.8 MPH), Distance : 426 ft
Batting: RHB Bob Dernier 0-0: Fly out, F8 (Flyball, 8LS, EV 90.6 MPH)
Batting: LHB Jerry McDonald 0-0: Ball
1-0: Swinging Strike
1-1: Ball
2-1: SOLO HOME RUN (Flyball, 9D, EV 110.6 MPH), Distance : 372 ft
Pitching: LHP Richard Thompson
Batting: LHB Tom Dunbar 0-0: Called Strike
0-1: Swinging Strike
0-2: Strikes out looking
Top of the 9th over - 2 runs, 2 hits, 0 errors, 0 left on base; San Diego 6 - Houston 1
BOTTOM OF THE 9TH
Houston Astros batting - Pitching for San Diego Padres : LHP Danny Arizola
Pitching: RHP David Sandoval
Batting: SHB Christopher Clark 0-0: Called Strike
0-1: Ground out 5-3 (Groundball, 25, EV 90.0 MPH)
Batting: RHB Dave Valle 0-0: Called Strike
0-1: Foul Ball, location: 2F
0-2: Ball
1-2: Foul Ball, location: 2F
1-2: Ball
2-2: Foul Ball, location: 2F
2-2: Ball
3-2: Ground out 6-3 (Groundball, 6, EV 91.9 MPH)
Batting: SHB Bill D Doran 0-0: Ball
1-0: Ball
2-0: Ball
3-0: Base on Balls
Pinch Hitting: LHB George Vukovich 0-0: Called Strike
0-1: Swinging Strike
0-2: Foul Ball, location: 2F
0-2: Fly out, F7 (Flyball, 7LD, EV 95.0 MPH)
Bottom of the 9th over - 0 runs, 0 hits, 0 errors, 1 left on base; San Diego 6 - Houston 1
Monday, August 10th, 2020 - OOTP Baseball 21.5 Build 76